 Dungeon Crawl Stone Soup version 0.29-a0-323-g050149af67 (webtiles) character file.

Game seed: 6997434814888509497

11 jt the Sneak (level 2, 0/19 HPs)
             Began as a Gargoyle Delver on Apr 10, 2022.
             Slain by an orc
             ... wielding a +0 club
              (5 damage)
             ... on level 4 of the Dungeon.
             The game lasted 00:01:04 (63 turns).

jt the Sneak (Gargoyle Delver)                        Turns: 63, Time: 00:01:05

Health: 0/19       AC:  5    Str: 15    XL:     2   Next: 25%
Magic:  2/2        EV: 11    Int: 10    God:
Gold:   21         SH:  0    Dex: 11    Spells: 1/1 levels left

rFire   . . .      SeeInvis .   a - +0 hand axe
rCold   . . .      Faith    .   (no shield)
rNeg    + . .      Spirit   .   b - +0 leather armour
rPois   ∞          Reflect  .   (no helmet)
rElec   +          Harm     .   (no cloak)
rCorr   .          Rampage  .   (no gloves)
Will    .....                   (no boots)
Stlth   +++.......              (no amulet)
HPRegen 0.06/turn               (no ring)
MPRegen 0.08/turn               (no ring)

@: hasted (expiring), very quick
A: sickness immunity, AC +2, negative energy resistance 1, electricity
resistance, torment resistance 1, petrification resistance
a: no special abilities


You were on level 4 of the Dungeon.
You visited 1 branch of the dungeon, and saw 2 of its levels.

You collected 21 gold pieces.

Inventory:

Hand Weapons
 a - a +0 hand axe (weapon)
Missiles
 f - 22 stones (quivered)
Armour
 b - a +0 leather armour (worn)
Wands
 g - a wand of digging (3)
Scrolls
 c - a scroll of fog
 d - a scroll of magic mapping
 e - a scroll of fear


   Skills:
 - Level 3.2 Fighting
 + Level 2.6 Axes
 - Level 1.5 Dodging
 - Level 5.4 Stealth


You had one spell level left.
You didn't know any spells.
Your spell library was empty.

Dungeon Overview and Level Annotations

Branches:
Dungeon (5/15)
 Temple: D:4-7

Altars:


Innate Abilities, Weirdness & Mutations

You are immune to sickness and miasma.
Your stone body is resilient. (AC +2)
You are immune to poison.
You resist negative energy. (rN+)
You are resistant to electric shocks. (rElec)
You are resistant to unholy torment.
You are immune to petrification.


Message History

Here: a gnoll, wielding a +0 club The floor.
You see here 4 gold pieces.
You now have 4 gold pieces.
Okay, then.
Found 17 gold pieces.
You now have 21 gold pieces (gained 17).
Found 47 stones.
Found an escape hatch in the ceiling.
You see here 25 stones.
f - 25 stones You see here 22 stones.
There is an escape hatch in the ceiling here.
A mysterious force pulls you upwards. The hatch slams shut behind you.
The orc shouts!
The endoplasm quivers.
You hit the endoplasm.
The endoplasm is heavily wounded.
Your extra speed is starting to run out.
The endoplasm freezes you.
You are frozen.
* * * LOW HITPOINT WARNING * * *
You hit the endoplasm.
You kill the endoplasm!
Throw: 25 stones
Press: ? - help, Q - select action Shift-Dir - straight line, f - orc
Aim: an orc, wielding a +0 club and wearing a +0 ring mail (60% to hit)
You throw a stone.
The stone hits the orc but does no damage.
Throw: 24 stones
Press: ? - help, Q - select action Shift-Dir - straight line, f/p - orc
Aim: an orc, wielding a +0 club and wearing a +0 ring mail (60% to hit)
You throw a stone. The stone completely misses the orc.
Throw: 23 stones
Press: ? - help, Q - select action Shift-Dir - straight line, f/p - orc
Aim: an orc, wielding a +0 club and wearing a +0 ring mail (60% to hit)
You throw a stone.
The stone hits the orc but does no damage.
You closely miss the orc. The orc hits you with a +0 club.
You die...

........##
.........##
..........##
...........#
...........#####
#..............
#..........#
#........@##
##.......o.#
##......(.#
#......(.#
#.#......#
#.###..(## ..
##### #..


You could see an orc.

Vanquished Creatures
  A gnoll (D:5)
  An endoplasm (D:4)
2 creatures vanquished.

Notes
Turn   | Place    | Note
-------+----------+-------------------------------------------
     0 | D:5      | jt the Gargoyle Delver began the quest for the Orb.
     0 | D:5      | Reached XP level 1. HP: 14/14 MP: 1/1
    16 | D:5      | Reached XP level 2. HP: 6/19 MP: 2/2
    63 | D:4      | Slain by an orc

Illustrated notes

Levels and vault maps discovered:
D:4:      layout_cave_pods
D:5:      layout_loops_ring, minmay_temple_entry_enclosed_plants

Skill      XL: |  1 |
---------------+----+-----
Axes           | 2 |  2.6
Fighting       | |  3.2
Dodging        | |  1.5
Stealth        | |  5.4

Action                   || total
-------------------------++-------
Melee: Hand axe          ||     9
Throw: Stone             ||     3
  Use: Potion            ||     1
 Stab: Sleeping          ||     1
Armor: Leather armour    ||     1
Dodge: Dodged            ||     2

Table legend: (Time is in decaauts)
 A = Elapsed time spent in this place.
 B = Non-inter-level travel time spent in this place.
 C = Inter-level travel time spent in this place.
 D = Time resting spent in this place.
 E = Time spent auto-exploring this place.
 F = Levels seen in this place.
 G = Mean time per level.
                   A        B        C        D        E       F      G
               +--------+--------+--------+--------+--------+-----+--------+
         Total |     47 |     47 |      0 |      0 |      0 |   2 |   23.5 |
       Dungeon |     47 |     47 |      0 |      0 |      0 |   2 |   23.5 |
               +--------+--------+--------+--------+--------+-----+--------+

Top non-repeatable levels by time:
     D:5: 40 daAuts
     D:4: 7 daAuts
